 Dungeon Crawl Stone Soup version 0.31-a0-981-geadf994542 (webtiles) character file.

Game seed: 1977686683840859776

121 AppTheSpectato the Trooper (level 5, -6/41 HPs)
             Began as a Djinni Cinder Acolyte on Oct 31, 2023.
             Was a Follower of Lugonu.
             Mangled by a fire elemental (9 damage)
             ... created by the fiery vengeance of Ignis
             ... on level 2 of the Dungeon.
             The game lasted 00:08:42 (2092 turns).

AppTheSpectato the Trooper (Djinni Cinder Acolyte)  Turns: 2092, Time: 00:08:43

Health: -6/41      AC:  2    Str: 13    XL:     5   Next: 26%
Gold:   60         EV: 11    Int: 18    God:    Lugonu [*.....] SH:  0 Dex:  8

rFire   . .          .
                       - Unarmed
rCold   x . .        (no shield)
rNeg    . . .        a - +0 robe
rPois   ∞            (no helmet)
rElec   .            (no cloak)
rCorr   .            (no gloves)
SInv    .            (boots unavailable)
Will    .....        (no amulet)
Stlth   +            (no ring)
HPRegen 0.26/turn    (no ring)
MPRegen 0.00/turn

%: infuse magic (-7 HP)
@: flying, very slightly contaminated, fire susceptible
A: sickness immunity, fire resistance 2, cold vulnerability 1, float, innate
caster, HP casting, extra vitality 1
a: Renounce Religion, Depart the Abyss


You were on level 2 of the Dungeon.
You worshipped Lugonu.
Lugonu was aware of your devotion.
You visited 1 branch of the dungeon, and saw 3 of its levels.

You collected 60 gold pieces.

Inventory:

Armour
 a - a +0 robe (worn)
Scrolls
 c - a scroll of blinking {unknown}
 d - a scroll of fear {unknown}
 e - 2 scrolls of teleportation {unknown}
 f - a scroll of fog {unknown}
Potions
 b - 2 potions of curing {unknown}
 g - a potion of attraction {unknown}
 h - a potion of lignification {unknown}


   Skills:
 + Level 4.1 Fighting
 + Level 4.1 Unarmed Combat
 + Level 3.0 Spellcasting
 + Level 3.0 Conjurations
 + Level 3.0 Hexes
 + Level 3.0 Summonings
 + Level 3.0 Necromancy
 + Level 3.0 Translocations
 + Level 3.0 Transmutations
 + Level 3.0 Fire Magic
 + Level 3.0 Ice Magic
 + Level 3.0 Air Magic
 + Level 3.0 Earth Magic
 + Level 3.0 Poison Magic


You knew the following spells:

 Your Spells              Type           Power      Damage    Failure   Level
a - Scorch                Fire           26%        2d6       7%          2
b - Foxfire               Conj/Fire      52%        2x1d6     4%          1
c - Jinxbite              Hex            26%        N/A       7%          2
Your spell library was empty.

Dungeon Overview and Level Annotations

Branches:
Dungeon (3/15)

Altars:
Lugonu


Innate Abilities, Weirdness & Mutations

You are immune to sickness and miasma.
You are immune to poison.
Your flesh is very heat resistant. (rF++)
You are vulnerable to cold. (rC-)
You float through the air rather than walking.
You learn spells naturally, not from books.
Your magical power is your life essence.
You have superior vitality. (+4 MHP)


Message History

You conjure some foxfire!
Your foxfire dissipates!
You conjure some foxfire!
Your foxfire dissipates!
You conjure some foxfire!
Your foxfire dissipates! x3
You conjure some foxfire!
Your foxfire dissipates! x2
You conjure some foxfire!
Your foxfire dissipates!
You conjure some foxfire!
Your foxfire dissipates!
You conjure some foxfire!
Your foxfire dissipates! x2
You conjure some foxfire!
Your foxfire dissipates! x3
You start resting.
Your foxfire dissipates! x2
You start resting.
Your foxfire dissipates!
You start resting.
Your foxfire dissipates! x2
You start resting. "Betrayer!
Apostate!
Perish!"
Lugonu does not welcome meddling.
The fire elemental is devoured by a tear in reality.
A fire elemental comes into view.
You barely miss the fire elemental. The fire elemental hits you.
The fire elemental burns you!
You aren't in the Abyss!
Casting: Foxfire (safe; 4% risk of failure)
Press: ? - help, Q - select action, (/) - cycle Dir - look around, f - activate You miscast Foxfire.
You are very lightly contaminated with residual magic.
Nothing appears to happen.
The fire elemental hits you. The fire elemental burns you!
The fire elemental hits you. The fire elemental burns you!
* * * LOW HITPOINT WARNING * * *
The fire elemental hits you. The fire elemental burns you!
You die...

.# ## ### ###### #.#
###...[####### #.#
#........@...#
####(###.......E....#
.............)§)°...#
.....#..........°...#
.#######............#
.#### ###.##########
....######.#
........##.#
#.#.###.##.#


You could see a fire elemental.

Vanquished Creatures
  Jessica (D:3)
  An orc wizard (D:3)
  2 worms
  3 dart slugs (D:2)
  4 orcs (D:3)
  10 endoplasms
  A giant cockroach (D:1)
  2 goblins
  4 hobgoblins
  5 jackals
  2 quokkas (D:1)
  A ball python (D:2)
  7 bats
  2 frilled lizards
  5 kobolds
  3 rats
53 creatures vanquished.

Vanquished Creatures (others)
  283 foxfires
283 creatures vanquished.

Grand Total: 336 creatures vanquished

Notes
Turn   | Place    | Note
-------+----------+-------------------------------------------
     0 | D:1      | AppTheSpectato the Djinni Cinder Acolyte began the quest
                  | for the Orb.
     0 | D:1      | AppTheSpectato set off with the following spells memorised:
                  | Scorch.
     0 | D:1      | Reached XP level 1. HP: 20/20 MP: 0/0
     6 | D:1      | Noticed a five-headed hydra
     6 | D:1      | Noticed a hound
     6 | D:1      | Noticed a black bear
     7 | D:1      | Noticed a komodo dragon
     7 | D:1      | Noticed a black mamba
    98 | D:1      | Fell from the grace of Ignis
   120 | D:1      | Reached XP level 2. HP: 21/25 MP: 0/0
   588 | D:1      | Reached XP level 3. HP: 23/30 MP: 0/0
   588 | D:1      | Learned a level 1 spell: Foxfire
   656 | D:1      | You are sucked into a shaft and drop 1 floor!
   816 | D:1      | Found a faded altar of an unknown god.
   824 | D:1      | Prayed at the altar of an unknown god.
   824 | D:1      | Became a worshipper of Lugonu the Unformed
   824 | D:1      | Reached * piety under Lugonu
  1235 | D:2      | Banished a fire elemental
  1235 | D:2      | Banished a fire elemental
  1409 | D:2      | Banished a fire elemental
  1409 | D:2      | Banished a fire elemental
  1508 | D:2      | Reached XP level 4. HP: 32/36 MP: 0/0
  1542 | D:2      | Banished a fire elemental
  1542 | D:2      | Banished a fire elemental
  1542 | D:2      | Banished a fire elemental
  1609 | D:2      | Banished a fire elemental
  1609 | D:2      | Banished a fire elemental
  1609 | D:2      | Banished a fire elemental
  1952 | D:3      | Noticed Jessica
  1956 | D:3      | Killed Jessica
  1957 | D:3      | Reached XP level 5. HP: 21/41 MP: 0/0
  1957 | D:3      | Learned a level 2 spell: Jinxbite
  2086 | D:2      | Banished a fire elemental
  2087 | D:2      | Noticed a fire elemental
  2092 | D:2      | Mangled by a fire elemental

Illustrated notes

Levels and vault maps discovered:
D:1:      onia_arrival_zoo_common, layout_basic,
          shapermc_ecumenical_altar_pompeii
D:2:      layout_basic, minivault_26
D:3:      layout_basic, grunt_temple_overflow_holy_war,
          nicolae_uskayaw_en_pointe, gammafunk_ghost_necromancy, uniq_jessica

Skill      XL: |  1  2  3  4 |
---------------+-------------+-----
Fighting       | 4 |  4.1
Unarmed Combat | 4 |  4.1
Spellcasting   | 3 |  3.0
Conjurations   | 3 |  3.0
Hexes          | 3 |  3.0
Summonings     | 3 |  3.0
Necromancy     | 3 |  3.0
Translocations | 3 |  3.0
Transmutations | 3 |  3.0
Fire Magic     | 3 |  3.0
Ice Magic      | 3 |  3.0
Air Magic      | 3 |  3.0
Earth Magic    | 3 |  3.0
Poison Magic   | 3 |  3.0

Action                     |  1- 3 |  4- 6 || total
---------------------------+-------+-------++-------
  Melee: Unarmed           |    60 |     8 ||    68
         Punch             |     1 |       ||     1
   Cast: Foxfire           |    43 |    40 ||    83
 Invoke: Foxfire Swarm     |     8 |       ||     8
         Fiery Armour      |     1 |       ||     1
         Renounce Religion |     1 |       ||     1
 Armour: Robe              |    41 |    18 ||    59
  Dodge: Dodged            |    46 |     7 ||    53

Table legend: (Time is in decaauts)
 A = Elapsed time spent in this place.
 B = Non-inter-level travel time spent in this place.
 C = Inter-level travel time spent in this place.
 D = Time resting spent in this place.
 E = Time spent auto-exploring this place.
 F = Levels seen in this place.
 G = Mean time per level.
                   A        B        C        D        E       F      G
               +--------+--------+--------+--------+--------+-----+--------+
         Total |   2097 |   2017 |     80 |    233 |   1416 |   3 |  699.0 |
       Dungeon |   2097 |   2017 |     80 |    233 |   1416 |   3 |  699.0 |
               +--------+--------+--------+--------+--------+-----+--------+

Top non-repeatable levels by time:
     D:1: 1061 daAuts
     D:2: 912 daAuts
     D:3: 123 daAuts
